 Dungeon Crawl Stone Soup version 0.20.1-1-g8b1a95d (webtiles) character file.

23937 Jukra the Severer (level 12, -40/115 HPs)
             Began as a Deep Dwarf Berserker on Sept 11, 2017.
             Was a High Priest of Trog.
             Blown up by an orb spider (43 damage)
             ... with an orb of destruction
             ... on level 1 of the Spider Nest.
             The game lasted 00:58:00 (8872 turns).

Jukra the Severer (Deep Dwarf Berserker)            Turns: 8872, Time: 00:58:00

Health: -40/115    AC: 21    Str: 25    XL:     12   Next: 76%
Magic:  0/0        EV: 15    Int: 15    God:    Trog [*****.]
Gold:   563        SH:  0    Dex: 19    Spells: 11/11 levels left

rFire    + . .     SeeInvis .   o - +1 executioner's axe (drain)
rCold    + . .     Gourm    .   (shield currently unavailable)
rNeg     + . .     Faith    .   U - +1 plate armour of Perfidy {rPois rC- Int+3 Dex+7}
rPois    +         Spirit   .   e - +0 helmet of Nogy Cill {rElec rC+ rCorr Int+3}
rElec    +         Reflect  .   y - scarf {rC+ rF+}
rCorr    +         Harm     .   r - +2 pair of gloves
MR       +++++                  (no boots)
Stlth    ..........             k - amulet of magic regeneration
Regen    1.0/turn               a - +5 ring of evasion
MPRegen  0.1/turn               f - ring of positive energy

@: non-regenerating
A: damage resistance, heal wounds, talons 2, blurry vision 1, magic resistance
2, sense surroundings 2, no regeneration
a: Heal Wounds, Berserk, Trog's Hand, Brothers in Arms, Burn Spellbooks,
Renounce Religion


You were on level 1 of the Spider Nest.
You worshipped Trog.
Trog was extremely pleased with you.
You were full.

You visited 3 branches of the dungeon, and saw 14 of its levels.

You collected 815 gold pieces.
You spent 252 gold pieces at shops.

Inventory:

Hand Weapons
 h - a +2 glaive of flaming
 o - a +1 executioner's axe of draining (weapon)
 B - the +6 dagger of Wyrd {flame, rF- rC+ Int+5}
   (You found it on level 5 of the Dungeon)

   It has been specially enchanted to burn those struck by it, causing extra
   injury to most foes and up to half again as much damage against particularly
   susceptible opponents.
   It affects your intelligence (+5).
   It makes you vulnerable to fire.
   It protects you from cold.
 D - a +0 whip
 Y - a +5 broad axe of electrocution
Missiles
 R - 7 silver tomahawks (quivered)
 Z - 5 tomahawks of returning
Armour
 e - the +0 helmet of Nogy Cill (worn) {rElec rC+ rCorr Int+3}
   (You found it on level 12 of the Dungeon)

   It affects your intelligence (+3).
   It protects you from cold.
   It insulates you from electricity.
   It protects you from acid and corrosion.
 n - a +0 plate armour
 r - a +2 pair of gloves (worn)
 y - a scarf of resistance (worn)
 U - the +1 plate armour of Perfidy (worn) {rPois rC- Int+3 Dex+7}
   (You found it on level 9 of the Dungeon)

   It affects your intelligence (+3).
   It affects your dexterity (+7).
   It makes you vulnerable to cold.
   It protects you from poison.
 V - the +3 scale mail "Forph" {rF+ Dex+4}
   (You bought it in a shop on level 10 of the Dungeon)

   It affects your dexterity (+4).
   It protects you from fire.
Jewellery
 a - a +5 ring of evasion (left hand)
 f - a ring of positive energy (right hand)
 k - an amulet of magic regeneration (around neck)
 v - an uncursed ring of fire
 O - an uncursed ring of ice
Wands
 b - a wand of lightning (12/15)
 d - a wand of acid (5/15)
 m - a wand of flame (11/48)
 w - a wand of lightning (3/15)
 x - a wand of disintegration (18/24)
 E - a wand of flame (8/48)
 P - a wand of iceblast (7/15)
 Q - a wand of random effects (25/48)
 S - a wand of acid (12/15)
 T - a wand of paralysis (7/24)
 W - a wand of iceblast (7/15)
Scrolls
 q - a scroll of recharging
 t - 2 scrolls of fog {unknown}
 u - 4 scrolls of blinking
 A - 6 scrolls of teleportation
 L - 2 scrolls of magic mapping
Potions
 i - a potion of haste
 p - a potion of berserk rage
 z - 2 potions of cancellation
 C - a potion of flight {unknown}
 F - a potion of might
 X - 3 potions of curing
Miscellaneous
 s - a lamp of fire
Comestibles
 c - 3 bread rations
 g - 17 royal jellies
 j - 6 fruits
 l - 10 meat rations


   Skills:
 + Level 9.5 Fighting
 - Level 2.0 Short Blades
 + Level 16.5 Axes
 + Level 11.2 Armour
 + Level 4.0 Dodging
 + Level 1.8 Stealth
   Level 2.0 Shields


You had 11 spell levels left.
You didn't know any spells.

Dungeon Overview and Level Annotations

Branches:
Dungeon (13/15)              Lair (2/6) D:11         Spider (1/4) Lair:2
    Orc (0/2) D:12
 Temple: D:4-7        Swamp: Lair:2-4    Shoals: Lair:2-4    Vaults: D:13-14

Altars:
Ashenzari
Dithmenos
Elyvilon
Fedhas
Gozag
Hepliaklqana
Okawaru
Trog
Vehumet
The Shining One

Shops:
D:10 *


Innate Abilities, Weirdness & Mutations

You are resistant to damage.
You can heal yourself by infusing magical energy.
You passively map the area around you.
You do not regenerate.
You have razor-sharp toenails.
Scrolls take you a little longer to read.
You are highly resistant to hostile enchantments. (MR++)


Message History

The jumping spider leaps!
The jumping spider leaps!
The orb spider weaves a glowing orb of energy.
An orb of destruction comes into view.
The wavering orb of destruction hits you!
* * * LOW HITPOINT WARNING * * *
The jumping spider leaps!
The orb spider weaves a glowing orb of energy.
The orb spider pulsates with a strange energy.
An orb of destruction comes into view.
Your skin crawls.
You feel resistant to hostile enchantments.
You feel somewhat less full. The orb of destruction hits you!
* * * LOW HITPOINT WARNING * * *
The orb spider weaves a glowing orb of energy.
The jumping spider leaps!
An orb of destruction comes into view.
The orb of destruction hits you!
You die...

#### *#...., *
....#. *
######...... ,
#####........... ,
##s.......#..#... ,
#...^@§§.........,,
, ##...#§.ss......#
##..#§.......#.#*
,, ##.....#.......
*#...#......... ,
#.##........... ,
..# ........#... ..
......#.##...,,
*#.....#.## ..


You could see 3 orb spiders.

Vanquished Creatures
  A hydra (Lair:2)
  4 two-headed ogres
  8 skeletal warriors (D:12)
  2 unseen horrors
  5 ugly things
  A wolf spider (Lair:2)
  A cyclops (D:12)
  A centaur zombie (D:11)
  A spiny frog (Lair:1)
  A torpor snail (Lair:2)
  A kobold demonologist (D:12)
  3 komodo dragons
  2 ice devils (D:12)
  2 hornets
  A jumping spider (Lair:2)
  2 trolls (D:13)
  4 hippogriffs
  2 redbacks
  4 yaks (D:13)
  A vampire (D:10)
  A wyvern (D:10)
  2 soldier ants (D:10)
  2 acid dragons
  2 water moccasins (Lair:1)
  5 porcupines
  2 black bears
  An ice beast (D:6)
  7 orc warriors
  A sky beast (D:5)
  3 ogres
  10 wolves
  2 centaurs (D:10)
  A big kobold (D:11)
  6 bullfrogs
  3 scorpions
  A wyvern skeleton (D:10)
  5 killer bees (D:10)
  2 electric eels (Lair:2)
  3 wights (D:6)
  3 howler monkeys
  6 crimson imps
  A quasit (D:10)
  5 bullfrog zombies
  7 hounds
  4 orc priests
  4 centaur skeletons
  7 jellies
  14 orc wizards
  4 iguanas
  8 worker ants
  A hound zombie (D:10)
  A hound skeleton (D:6)
  A worker ant zombie (D:6)
  8 adders
  A shadow imp (D:5)
  An ooze (D:1)
  An adder skeleton (D:6)
  4 worms (D:3)
  3 dart slugs
  8 leopard geckos
  45 orcs
  7 bats
  3 giant cockroaches
  6 goblins
  5 hobgoblins
  5 jackals
  8 quokkas
  2 ball pythons
  A ball python zombie (D:6)
  10 frilled lizards (D:2)
  2 giant cockroach zombies (D:5)
  A jackal skeleton (D:4)
  14 kobolds
  A leopard gecko skeleton (D:9)
  A leopard gecko zombie (D:6)
  A quokka zombie (D:5)
  4 rats (D:2)
314 creatures vanquished.

Vanquished Creatures (collateral kills)
  A death yak (Lair:2)
1 creature vanquished.

Grand Total: 315 creatures vanquished

Notes
Turn   | Place    | Note
-------+----------+-------------------------------------------
     0 | D:1      | Jukra the Deep Dwarf Berserker began the quest for the Orb.
     0 | D:1      | Reached XP level 1. HP: 20/20 MP: 1/1
   316 | D:1      | Reached XP level 2. HP: 20/27 MP: 2/2
   737 | D:2      | Reached skill level 4 in Axes
   783 | D:2      | Reached XP level 3. HP: 34/34 MP: 2/2
   790 | D:2      | Reached ** piety under Trog
   874 | D:2      | Found an iron altar of Okawaru.
  1122 | D:2      | Reached XP level 4. HP: 42/42 MP: 3/3
  1192 | D:2      | Found a glowing golden altar of the Shining One.
  1512 | D:3      | Reached *** piety under Trog
  1515 | D:3      | Reached skill level 5 in Axes
  1515 | D:3      | Reached XP level 5. HP: 36/49 MP: 4/4
  1963 | D:4      | Noticed an ogre
  1968 | D:4      | Killed an ogre
  1968 | D:4      | Reached XP level 6. HP: 47/57 MP: 5/5
  2054 | D:4      | Reached skill level 6 in Axes
  2072 | D:4      | Found a hazy altar of Hepliaklqana.
  2164 | D:4      | Found a blossoming altar of Fedhas.
  2327 | D:4      | Found a radiant altar of Vehumet.
  2494 | D:5      | Entered Level 5 of the Dungeon
  2495 | D:5      | Noticed a sky beast
  2508 | D:5      | Killed a sky beast
  2508 | D:5      | Reached XP level 7. HP: 45/64 MP: 6/6
  2512 | D:5      | Gained mutation: Your spells are a little easier to cast, but a little less powerful. [mutagenic meat]
  2513 | D:5      | Gained mutation: You have a pair of small horns on your head. [mutagenic meat]
  2514 | D:5      | Gained mutation: Scrolls take you a little longer to read. [mutagenic meat]
  2516 | D:5      | Gained mutation: You occasionally shout uncontrollably at your foes. [mutagenic meat]
  2565 | D:5      | Found a blossoming altar of Fedhas.
  2570 | D:5      | Found an opulent altar of Gozag.
  2574 | D:5      | Found a white marble altar of Elyvilon.
  2659 | D:5      | Got a scorched dagger
  2664 | D:5      | Identified the +6 dagger of Wyrd {flame, rF- rC+ Int+5} (You found it on level 5 of the Dungeon)
  2785 | D:5      | Found a shattered altar of Ashenzari.
  2837 | D:5      | Reached skill level 7 in Axes
  2869 | D:5      | Found a bloodstained altar of Trog.
  3656 | D:6      | Reached skill level 1 in Short Blades
  3687 | D:6      | Reached **** piety under Trog
  3752 | D:6      | Reached skill level 5 in Armour
  3755 | D:6      | Reached XP level 8. HP: 43/73 MP: 5/5
  4047 | D:6      | Reached skill level 8 in Axes
  4265 | D:6      | You fall through a shaft for 3 floors!
  4450 | D:9      | Noticed a two-headed ogre
  4469 | D:9      | Killed a two-headed ogre
  4469 | D:9      | Reached skill level 5 in Fighting
  4469 | D:9      | Reached skill level 10 in Axes
  4469 | D:9      | Gained mutation: You passively map the area around you. [Deep Dwarf growth]
  4469 | D:9      | Reached XP level 9. HP: 32/81 MP: 2/2
  4735 | D:9      | Got a spiked plate armour
  4746 | D:9      | Identified the cursed +1 plate armour of Perfidy {rPois rC- Int+3 Dex+7} (You found it on level 9 of the Dungeon)
  4837 | D:9      | You fall through a shaft!
  4837 | D:10     | Entered Level 10 of the Dungeon
  4872 | D:10     | Found Wayhuw's Assorted Antiques.
  4882 | D:10     | Bought an encrusted scale mail for 252 gold pieces
  4899 | D:10     | Identified the +3 scale mail "Forph" {rF+ Dex+4} (You bought it in a shop on level 10 of the Dungeon)
  4923 | D:10     | Reached ***** piety under Trog
  5098 | D:10     | Reached skill level 11 in Axes
  5120 | D:10     | Noticed a two-headed ogre
  5126 | D:10     | Killed a two-headed ogre
  5126 | D:10     | Reached XP level 10. HP: 49/92 MP: 3/3
  5134 | D:10     | Killed an unseen horror
  5211 | D:10     | Received a gift from Trog
  5666 | D:11     | Reached skill level 12 in Axes
  5732 | D:11     | Noticed a purple ugly thing
  5741 | D:11     | Killed a purple ugly thing
  5943 | D:11     | You fall through a shaft for 2 floors!
  6160 | D:13     | Found a shadowy altar of Dithmenos.
  6170 | D:13     | Reached skill level 13 in Axes
  6178 | D:13     | Reached XP level 11. HP: 68/100 MP: 3/3
  6306 | D:13     | Noticed a white ugly thing
  6314 | D:13     | Killed a white ugly thing
  6322 | D:13     | Lost mutation: Your spells are a little easier to cast, but a little less powerful. [potion of mutation]
  6322 | D:13     | Lost mutation: You occasionally shout uncontrollably at your foes. [potion of mutation]
  6322 | D:13     | Lost mutation: Scrolls take you a little longer to read. [potion of mutation]
  6322 | D:13     | Lost mutation: You have a pair of small horns on your head. [potion of mutation]
  6322 | D:13     | Gained mutation: You have large cloven feet. [potion of mutation]
  6322 | D:13     | Lost mutation: You have large cloven feet. [potion of mutation]
  6322 | D:13     | Gained mutation: Your mind is acute. (Int +2) [potion of mutation]
  6323 | D:13     | Lost mutation: Your mind is acute. (Int +2) [potion of mutation]
  6323 | D:13     | Gained mutation: You have large cloven feet. [potion of mutation]
  6323 | D:13     | Gained mutation: You are covered in fur. (AC +1) [potion of mutation]
  6324 | D:13     | Lost mutation: You have large cloven feet. [potion of mutation]
  6324 | D:13     | Lost mutation: You are covered in fur. (AC +1) [potion of mutation]
  6324 | D:13     | Gained mutation: You are resistant to hostile enchantments. (MR+) [potion of mutation]
  6324 | D:13     | Gained mutation: You are frail. (-10% HP) [potion of mutation]
  6324 | D:13     | Gained mutation: You have sharp toenails. [potion of mutation]
  6402 | D:13     | Killed an unseen horror
  6402 | D:13     | Reached skill level 1 in Stealth
  6573 | D:13     | Noticed a seven-headed hydra
  6598 | D:13     | Noticed a red ugly thing
  6607 | D:13     | Killed a red ugly thing
  6614 | D:12     | Noticed a white ugly thing
  6618 | D:12     | Killed a white ugly thing
  6619 | D:12     | Noticed a two-headed ogre
  6625 | D:12     | Noticed a skeletal warrior
  6627 | D:12     | Noticed a skeletal warrior
  6628 | D:12     | Noticed a skeletal warrior
  6630 | D:12     | Killed a two-headed ogre
  6640 | D:12     | Killed a skeletal warrior
  6640 | D:12     | Reached skill level 14 in Axes
  6640 | D:12     | Reached skill level 10 in Armour
  6642 | D:12     | Noticed a skeletal warrior
  6645 | D:12     | Killed a skeletal warrior
  6662 | D:12     | Killed a skeletal warrior
  6662 | D:12     | Killed a skeletal warrior
  6662 | D:12     | Reached skill level 1 in Shields
  6685 | D:12     | Gained mutation: You have razor-sharp toenails. [mutagenic meat]
  6686 | D:12     | Gained mutation: Scrolls take you a little longer to read. [mutagenic meat]
  6687 | D:12     | Gained mutation: You are highly resistant to hostile enchantments. (MR++) [mutagenic meat]
  6690 | D:12     | Lost mutation: You are frail. (-10% HP) [mutagenic meat]
  6707 | D:12     | Noticed a skeletal warrior
  6717 | D:12     | Killed a skeletal warrior
  6773 | D:12     | Noticed a two-headed ogre
  6779 | D:12     | Killed a two-headed ogre
  6798 | D:12     | Received a gift from Trog
  6876 | D:12     | Reached XP level 12. HP: 74/112 MP: 1/1
  6987 | D:12     | Reached skill level 15 in Axes
  7191 | D:12     | Got a heavily runed helmet
  7224 | D:12     | Identified the +0 helmet of Nogy Cill {rElec rC+ rCorr Int+3} (You found it on level 12 of the Dungeon)
  7254 | D:12     | Found a staircase to the Orcish Mines.
  7712 | D:11     | Found a staircase to the Lair.
  8087 | Lair:1   | Entered Level 1 of the Lair of Beasts
  8615 | Lair:2   | Reached skill level 16 in Axes
  8624 | Lair:2   | Noticed a four-headed hydra
  8629 | Lair:2   | Killed a six-headed hydra
  8693 | Lair:2   | Noticed a death yak
  8702 | Lair:2   | Killed a death yak
  8842 | Lair:2   | Found a hole to the Spider Nest.
  8862 | Spider:1 | Entered Level 1 of the Spider Nest
  8870 | Spider:1 | HP: 1/115 [disintegration (15)]
  8872 | Spider:1 | Blown up by an orb spider

Skill      XL: |  1  2  3  4  5  6  7  8  9 10 11 12 |
---------------+-------------------------------------+-----
Fighting       | 3 4 5 6 7 8 9 |  9.5
Axes           | 4 5 6 7 10 11 13 14 16 | 16.5
Armour         | 3 4 5 7 8 9 10 11 | 11.2
Short Blades   | 2 |  2.0
Dodging        | 3 4 |  4.0
Stealth        | 1 |  1.8
Shields        | 2 |  2.0

Action                   |  1- 3 |  4- 6 |  7- 9 | 10-12 || total
-------------------------+-------+-------+-------+-------++-------
Melee: Hand axe          |   154 |     2 |       |       ||   156
       War axe           |       |   127 |   169 |    20 ||   316
       Dagger            |       |       |    76 |       ||    76
       Headbutt          |       |       |    50 |    32 ||    82
       Broad axe         |       |       |       |   187 ||   187
       Kick              |       |       |       |   122 ||   122
       Executioner's axe |       |       |       |   191 ||   191
Invok: Burn Spellbooks   |       |       |       |     5 ||     5
       Trog's Hand       |       |       |       |     5 ||     5
       Berserk           |       |       |       |     2 ||     2
       Brothers in Arms  |       |       |       |     1 ||     1
 Abil: Heal Wounds       |     4 |     2 |    16 |    21 ||    43
  Use: Scroll            |       |     2 |     3 |    13 ||    18
       Potion            |       |       |       |    16 ||    16
  Eat: Chunk             |       |     5 |     8 |    10 ||    23
       Fruit             |       |       |     1 |     5 ||     6
       Bread ration      |       |       |     1 |     3 ||     4
       Royal jelly       |       |       |       |     1 ||     1
Armor: Animal skin       |    15 |       |       |       ||    15
       Ring mail         |    52 |     4 |       |       ||    56
       Scale mail        |       |    13 |       |       ||    13
       Chain mail        |       |    56 |    37 |       ||    93
       Plate armour      |       |       |   104 |   217 ||   321
Dodge: Dodged            |   100 |    84 |   121 |   259 ||   564
Block: Buckler           |       |       |       |    19 ||    19
